 Dungeon Crawl Stone Soup version 0.28-a0-932-g843f935a50 (webtiles) character file.

Game seed: 13321531000953467316

1647 Peloso the Carver (level 8, -3/70 HPs)
             Began as a Minotaur Fighter on Nov 27, 2021.
             Was an Initiate of Okawaru.
             Slain by a hornet (5 damage)
             ... while paralysed by a hornet
             ... on level 8 of the Dungeon.
             The game lasted 00:09:15 (6311 turns).

Peloso the Carver (Minotaur Fighter)                Turns: 6311, Time: 00:09:16

Health: -3/70      AC: 16    Str: 22    XL:     8   Next: 67%
Magic:  7/7        EV:  2    Int:  5    God:    Okawaru [......]
Gold:   457        SH:  0    Dex: 11    Spells: 7/7 levels left

rFire   + . .      SeeInvis .   a - +0 long sword
rCold   . . .      Faith    .   c - +0 buckler
rNeg    . . .      Spirit   .   z - +0 chain mail
rPois   .          Reflect  .   (helmet restricted)
rElec   .          Harm     .   i - +0 cloak
rCorr   .          Rampage  .   (no gloves)
Will    .....                   (no boots)
Stlth   ..........              n - amulet of regeneration
HPRegen 1.01/turn               v - +4 ring of protection
MPRegen 0.10/turn               u - ring of protection from fire

@: paralysed, mighty, lethally poisoned (-3 -> -3), slowed
A: horns 2, retaliatory headbutt
a: Renounce Religion


You were on level 8 of the Dungeon.
You worshipped Okawaru.
Okawaru was noncommittal.
You visited 2 branches of the dungeon, and saw 9 of its levels.

You collected 457 gold pieces.

Inventory:

Hand Weapons
 a - a +0 long sword (weapon)
Armour
 b - a +0 scale mail
 c - a +0 buckler (worn)
 i - a +0 cloak (worn)
 z - a +0 chain mail (worn)
Jewellery
 h - a +4 ring of evasion
 n - an amulet of regeneration (around neck)
 u - a ring of protection from fire (right hand)
 v - a +4 ring of protection (left hand)
 x - a ring of poison resistance
 y - an amulet of reflection
Wands
 j - a wand of mindburst (20)
 l - a wand of digging (6)
 m - a wand of iceblast (6)
 A - a wand of acid (9)
Scrolls
 f - 4 scrolls of teleportation
 g - 2 scrolls of immolation
 p - a scroll of identify
 s - a scroll of enchant weapon
 t - 2 scrolls of amnesia {unknown}
 B - a scroll of blinking
 C - 3 scrolls of magic mapping {unknown}
Potions
 k - a potion of mutation {unknown}
 o - a potion of haste {unknown}
 q - a potion of brilliance {unknown}
 r - 2 potions of curing {unknown}
 w - a potion of magic {unknown}


   Skills:
 + Level 5.9 Fighting
 + Level 8.1 Long Blades
 + Level 8.1 Armour
 + Level 3.4 Dodging
 + Level 1.2 Stealth
 + Level 5.5 Shields
 + Level 0.5 Evocations


You had 7 spell levels left.
You didn't know any spells.
Your spell library contained the following spells:

 Spells                   Type           Power      Damage    Failure   Level
 Foxfire                  Conj/Fire      0%         2x1d4     98%         1
 Magic Dart               Conj           0%         1d3       98%         1
 Pain                     Necr           0%         1d4       98%         1
 Blink                    Tloc           0%         N/A       99%         2
 Conjure Flame            Conj/Fire      0%         6-21      100%        3
 Dazzling Flash           Conj/Hex       0%         N/A       100%        3
 Ignite Poison            Fire/Tmut/Pois 0%         N/A       100%        3
 Inner Flame              Hex/Fire       0%         N/A       100%        3
 Lesser Beckoning         Tloc           0%         N/A       100%        3
 Mephitic Cloud           Conj/Pois/Air  0%         N/A       100%        3
 Flame Wave               Conj/Fire      0%         3d3       100%        4
 Iskenderun's Mystic Bla  Conj/Tloc      0%         2d3       100%        4
 Olgreb's Toxic Radiance  Pois           0%         N/A       100%        4
 Agony                    Necr           0%         N/A       100%        5
 Excruciating Wounds      Necr           0%         N/A       100%        5
 Freezing Cloud           Conj/Ice/Air   0%         6-21      100%        5
 Manifold Assault         Tloc           0%         N/A       100%        5
 Starburst                Conj/Fire      0%         6d3       100%        6
 Ozocubu's Refrigeration  Ice            0%         4d5       100%        7
 Ignition                 Fire           0%         3d3       100%        8
 Summon Small Mammal      Summ           Unusable   N/A       N/A         1
 Call Imp                 Summ           Unusable   N/A       N/A         2
 Call Canine Familiar     Summ           Unusable   N/A       N/A         3
 Summon Guardian Golem    Hex/Summ       Unusable   N/A       N/A         3

Dungeon Overview and Level Annotations

Branches:
Dungeon (8/15)             Temple (1/1) D:7
   Lair: D:8-11

Altars:
Ashenzari
Cheibriados
Dithmenos
Elyvilon
Fedhas
Gozag
Hepliaklqana
Kikubaaqudgha
Makhleb
Nemelex Xobeh
Okawaru
Qazlal
Ru
Sif Muna
Trog
Uskayaw
Vehumet
Wu Jian
Xom
Yredelemnul
Zin
The Shining One

Annotations:
D:3 1 transporter
D:7 3 runed translucent doors, anet's ghost, novice HOCj


Innate Abilities, Weirdness & Mutations

You have a pair of horns on your head.
You reflexively headbutt those who attack you in melee.


Message History

You see here 25 stones.
You hit the hornet.
The hornet is lightly wounded.
The hornet stings you!
You feel yourself slow down.
You closely miss the hornet.
The hornet is lightly wounded.
The hornet closely misses you. The hornet stings you.
You feel as though you will be slow longer.
The hornet stings you!
You suddenly lose the ability to move!
The hornet stings you.
You are poisoned.
You feel as though you will be slow longer.
You feel sick.
The hornet stings you but does no damage.
The hornet stings you!
You shrug off the repeated paralysis!
You can move again.
You barely miss the hornet.
The hornet is lightly wounded.
You feel very sick. The hornet stings you.
You feel as though you will be slow longer.
The hornet stings you but does no damage.
Unknown command.
You closely miss the hornet.
The hornet is lightly wounded.
You feel sick. The hornet stings you!
You feel as though you will be slow longer.
The orc curses noisily, as Orcs often do.
You block the hornet's attack.
Unknown command.
You feel very mighty all of a sudden.
You feel sick. The hornet stings you!
* * * LOW HITPOINT WARNING * * *
You suddenly lose the ability to move!
The hornet stings you.
* * * LOW HITPOINT WARNING * * *
You shrug off the repeated paralysis!
The hornet stings you!
* * * LOW HITPOINT WARNING * * *
You feel as though you will be slow longer.
You feel sick. The hornet stings you.
You die...

$....# #y..#
#...# #(####
#....# ####o#
### #o# #.# #y#
#.# #@# #.#
#.###########)#
#...........))#
#############.#
#<......#
#########


You could see a hornet and 2 orcs.

Vanquished Creatures
  A steam dragon (D:7)
  Menkaure (D:4)
  A sky beast (D:7)
  A black bear (D:4)
  2 centaurs (D:7)
  A necrophage (D:5)
  A wyvern zombie (D:7)
  4 scorpions
  A water moccasin skeleton (D:7)
  A bullfrog zombie (D:5)
  2 jellies
  2 orc priests
  A bullfrog skeleton (D:6)
  2 gnoll shamans
  3 iguanas
  2 orc wizards
  A hound skeleton (D:4)
  6 gnolls
  5 adders
  A shadow imp (D:7)
  2 white imps (D:6)
  An ufetubus (D:5)
  A worm (D:2)
  4 dart slugs
  13 orcs
  3 ball pythons
  6 bats
  3 endoplasms
  5 giant cockroaches
  9 goblins
  12 hobgoblins
  5 quokkas
  A frilled lizard (D:2)
  4 kobolds
  4 rats
112 creatures vanquished.

Vanquished Creatures (others)
  An orc wizard (D:4)
  An orc (D:7)
  3 plants (D:7)
5 creatures vanquished.

Grand Total: 117 creatures vanquished

Notes
Turn   | Place    | Note
-------+----------+-------------------------------------------
     0 | D:1      | Peloso the Minotaur Fighter began the quest for the Orb.
     0 | D:1      | Reached XP level 1. HP: 19/19 MP: 0/0
   196 | D:1      | Reached XP level 2. HP: 6/27 MP: 1/1
   858 | D:1      | Found a faded altar of an unknown god.
   942 | D:2      | Reached XP level 3. HP: 19/33 MP: 2/2
  1385 | D:2      | Found a white marble altar of Elyvilon.
  1749 | D:2      | Reached XP level 4. HP: 30/40 MP: 3/3
  2339 | D:3      | Found a sparkling altar of Nemelex Xobeh.
  2339 | D:3      | Found a transporter.
  2339 | D:3      | Noticed an ogre
  2577 | D:4      | Noticed a black bear
  2584 | D:4      | Killed a black bear
  2585 | D:4      | Reached skill level 5 in Armour
  2585 | D:4      | Reached skill level 1 in Dodging
  2585 | D:4      | Reached XP level 5. HP: 38/47 MP: 4/4
  2875 | D:4      | Reached XP level 6. HP: 41/53 MP: 5/5
  2979 | D:4      | Noticed Menkaure
  2983 | D:4      | Killed Menkaure
  3282 | D:4      | Reached skill level 5 in Long Blades
  3715 | D:5      | Entered Level 5 of the Dungeon
  3758 | D:5      | Reached XP level 7. HP: 47/60 MP: 6/6
  3769 | D:5      | Reached skill level 5 in Fighting
  4220 | D:5      | Reached skill level 5 in Shields
  4635 | D:6      | Found a snail-covered altar of Cheibriados.
  5142 | D:6      | Reached XP level 8. HP: 69/69 MP: 7/7
  5488 | D:7      | Found a staircase to the Ecumenical Temple.
  5501 | Temple   | Entered the Ecumenical Temple
  5559 | D:7      | Found a runed translucent gate.
  5559 | D:7      | Found a runed translucent gate.
  5560 | D:7      | Found a runed translucent gate.
  5564 | D:7      | Noticed anet's ghost (novice HOCj)
  5807 | D:7      | Found a stormy altar of Qazlal.
  5812 | D:7      | Found an ancient bone altar of Kikubaaqudgha.
  5812 | D:7      | Found an opulent altar of Gozag.
  5819 | D:7      | Found a hazy altar of Hepliaklqana.
  5823 | D:7      | Found a glowing golden altar of the Shining One.
  5898 | D:7      | Reached skill level 1 in Stealth
  5938 | D:7      | Found an iron altar of Okawaru.
  5950 | D:7      | Became a worshipper of Warmaster Okawaru
  6091 | D:7      | Found a bloodstained altar of Trog.
  6100 | D:7      | Found a sacrificial altar of Ru.
  6296 | D:8      | Noticed a hornet
  6305 | D:8      | Paralysed by a hornet for 3 turns
  6310 | D:8      | Paralysed by a hornet for 2 turns
  6310 | D:8      | HP: 2/70 [hornet (8)]
  6311 | D:8      | Slain by a hornet

Illustrated notes

Levels and vault maps discovered:
D:1:      dpeg_arrival_rooms_a, layout_basic, ebering_ecumenical_altar_webs,
          minmay_bisected
D:2:      layout_basic, basic_altar
D:3:      layout_rooms, grunt_nemelex_the_gamble
D:4:      layout_loops_ring, uniq_menkaure
D:5:      layout_basic
D:6:      layout_loops_ring, mainiacjoe_overflow_catwalk
D:7:      layout_basic, mainiacjoe_overflow_large_starburst,
          minmay_overflow_temple_star_hex, mainiacjoe_overflow_alcove_4,
          minmay_temple_entry_offerings, ebering_ghost_rock_garden,
          hangedman_abyss_or_decor_lesser_grid, grunt_ministairs_3,
          minmay_misc_feat_chi
D:8:      layout_basic
Temple:   minmay_temple_bridge_abc

Skill      XL: |  1  2  3  4  5  6  7  8 |
---------------+-------------------------+-----
Fighting       | 4 5 |  5.9
Armour         | 4 5 6 8 |  8.1
Shields        | 4 5 |  5.5
Long Blades    | 3 4 5 6 8 |  8.1
Dodging        | 1 2 3 |  3.4
Stealth        | 1 |  1.2
Evocations     | |  0.5

Action                   |  1- 3 |  4- 6 |  7- 9 || total
-------------------------+-------+-------+-------++-------
Melee: Long sword        |   101 |    95 |   161 ||   357
       Headbutt          |    12 |    20 |    41 ||    73
Evoke: Wand              |       |     4 |       ||     4
  Use: Scroll            |     4 |       |     3 ||     7
       Potion            |       |       |     1 ||     1
Armor: Scale mail        |    55 |    59 |    22 ||   136
       Chain mail        |       |       |    67 ||    67
Dodge: Dodged            |    52 |    47 |    80 ||   179
Block: Buckler           |    21 |    23 |    33 ||    77

Table legend: (Time is in decaauts)
 A = Elapsed time spent in this place.
 B = Non-inter-level travel time spent in this place.
 C = Inter-level travel time spent in this place.
 D = Time resting spent in this place.
 E = Time spent auto-exploring this place.
 F = Levels seen in this place.
 G = Mean time per level.
                   A        B        C        D        E       F      G
               +--------+--------+--------+--------+--------+-----+--------+
         Total |   6371 |   6238 |    133 |    441 |   4581 |   9 |  707.9 |
       Dungeon |   6317 |   6184 |    133 |    441 |   4581 |   8 |  789.6 |
        Temple |     54 |     54 |      0 |      0 |      0 |   1 |   54.0 |
               +--------+--------+--------+--------+--------+-----+--------+

Top non-repeatable levels by time:
     D:4: 1219 daAuts
     D:2: 1024 daAuts
     D:5: 914 daAuts
     D:1: 906 daAuts
     D:6: 845 daAuts
     D:7: 731 daAuts
     D:3: 611 daAuts
     D:8: 63 daAuts
  Temple: 54 daAuts
